 Dungeon Crawl Stone Soup version 0.31.0-9-g3a7656b989 (webtiles) character file.

Game seed: 11161903653551925100

142 qw the Ducker (level 5, -1/26 HPs)
             Began as a Spriggan Hunter on Feb 2, 2024.
             Incinerated by a bombardier beetle (3 damage)
             ... with a burning spray
             ... on level 3 of the Dungeon.
             The game lasted 00:00:08 (1671 turns).

qw the Ducker (Spriggan Hunter)                     Turns: 1671, Time: 00:00:09

Health: -1/26      AC:  6    Str:  7    XL:     5   Next: 4%
Magic:  0/6        EV: 20    Int: 10    God:
Gold:   60         SH:  0    Dex: 21    Spells: 4/4 levels left

rFire   . . .        a - +1 shortbow
rCold   . . .        (shield currently unavailable)
rNeg    . . .        c - +0 robe
rPois   .            (helmet restricted)
rElec   .            (no cloak)
rCorr   .            (gloves unavailable)
SInv    +            (boots unavailable)
Will    .....        i - amulet of guardian spirit
Stlth   +            b - +4 ring of protection
HPRegen 0.24/turn    (no ring)
MPRegen 0.10/turn

%: guardian spirit
@: on fire, glowing, very quick
A: very small, no large weapons, unfitting armour, see invisible, speed 3
a: no special abilities


You were on level 3 of the Dungeon.
You visited 1 branch of the dungeon, and saw 3 of its levels.

You collected 60 gold pieces.


Innate Abilities, Weirdness & Mutations

You are very small and have problems with some larger weapons.
You are too small for most types of armour.
You have supernaturally acute eyesight. (SInv)
You cover ground extremely quickly. (Speed+++)


   Skills:
 - Level 2.2 Fighting
 + Level 5.0 Ranged Weapons
 - Level 5.1 Dodging
 - Level 1.5 Stealth


You had 4 spell levels left.
You didn't know any spells.
Your spell library was empty.

Inventory:

Hand Weapons
 a - a +1 shortbow (weapon)
Armour
 c - a +0 robe (worn)
Jewellery
 b - a +4 ring of protection (left hand)
 d - a ring of poison resistance
 i - an amulet of guardian spirit (around neck)
Potions
 e - 2 potions of curing
 f - a potion of haste
 g - a potion of invisibility {unknown}
 h - a potion of resistance {unknown}
 j - a potion of degeneration {unknown}
 k - a potion of mutation {unknown}

Dungeon Overview and Level Annotations

Branches:
Dungeon (3/15)

Altars:
Hepliaklqana


Message History

You kill the giant cockroach!
You see here a hobgoblin corpse.
A bombardier beetle comes into view.
You shoot an arrow.
The arrow hits the bombardier beetle but does no damage.
You shoot an arrow. The arrow hits the bombardier beetle.
The bombardier beetle is lightly wounded.
You shoot an arrow.
The arrow barely misses the bombardier beetle.
You shoot an arrow. The arrow hits the bombardier beetle.
The bombardier beetle is lightly wounded.
You shoot an arrow.
The arrow barely misses the bombardier beetle.
You shoot an arrow. The arrow hits the bombardier beetle.
The bombardier beetle is moderately wounded.
You shoot an arrow. The arrow hits the bombardier beetle.
The bombardier beetle is heavily wounded.
The bombardier beetle sprays incendiary fluid at you.
The burning spray hits you.
You are covered in liquid fire!
You shoot an arrow.
The arrow hits the bombardier beetle but does no damage.
The bombardier beetle is heavily wounded.
The liquid fire burns you!
You shoot an arrow. The arrow hits the bombardier beetle!
You kill the bombardier beetle!
The liquid fire burns you!
Your Fighting skill increases to level 2!
You have reached level 5!
You feel agile.
You are on fire!
The liquid fire burns you!
You are on fire!
The liquid fire burns you!
You are on fire!
The liquid fire burns you!
You are on fire!
The liquid fire burns you!
You are on fire!
The liquid fire burns you!
You die...

#........
#........#
#........# ####
#........# #...
#........# #...
#.#####...%....#
#...
#..............#
####
######@"......#
...........###+##
#########......).
#%.......
##########........
##...............##
#
......>............
.
#.#........#######
# #.#%####.######


There were no monsters in sight!

Vanquished Creatures
  A bombardier beetle (D:3)
  An orc wizard (D:3)
  An adder (D:3)
  2 dart slugs (D:2)
  4 orcs
  A ball python (D:1)
  9 bats
  8 endoplasms
  4 giant cockroaches
  6 goblins
  5 hobgoblins
  4 jackals (D:2)
  5 kobolds
  5 quokkas
  2 frilled lizards (D:1)
  2 rats
60 creatures vanquished.

Notes
Turn   | Place    | Note
-------+----------+-------------------------------------------
     0 | D:1      | qw the Spriggan Hunter began the quest for the Orb.
     0 | D:1      | Reached XP level 1. HP: 10/10 MP: 2/2
     0 | D:1      | 0 ||| qw: Version: 0.3-a-155-g5e7d8dd
     0 | D:1      | 0 ||| qw: Game counter: 1736
     0 | D:1      | 0 ||| qw: Melee chars always use a shield: true
     0 | D:1      | 0 ||| qw: God list: Okawaru
     0 | D:1      | 0 ||| qw: Allow faded altars: false
     0 | D:1      | 0 ||| qw: Do Orc after clearing Dungeon:15 true
     0 | D:1      | 0 ||| qw: Do second Lair branch before Depths: true
     0 | D:1      | 0 ||| qw: Lair rune preference: random
     0 | D:1      | 0 ||| qw: Goals: Normal
     0 | D:1      | 0 ||| PLANNING D:1-11
    39 | D:1      | Reached skill level 3 in Dodging
    89 | D:1      | Reached XP level 2. HP: 14/14 MP: 3/3
   392 | D:1      | Reached XP level 3. HP: 18/18 MP: 4/4
   549 | D:1      | 549 ||| READING scroll labelled DEG VECIUNU.
   549 | D:1      | 549 ||| ENCHANTING +0 shortbow.
   550 | D:1      | 550 ||| READING scroll labelled QUGAXUWNOK.
   551 | D:1      | 551 ||| READING scroll labelled OSEOBYKH NECEU.
   551 | D:1      | 551 ||| ENCHANTING +0 shortbow.
   552 | D:1      | 552 ||| READING scroll labelled SUPTYIW ESOFYO.
   553 | D:1      | 553 ||| DRINKING 3 ruby potions.
   554 | D:1      | 554 ||| DROPPING scroll of butterflies.
   555 | D:1      | 555 ||| DROPPING 2 potions of attraction.
   754 | D:2      | Found a hazy altar of Hepliaklqana.
  1221 | D:2      | 1221 ||| UPGRADING to amulet of guardian spirit.
  1226 | D:2      | 1226 ||| READING scroll labelled WOBEOCK PAQUAMN.
  1227 | D:2      | 1227 ||| READING scroll labelled HALA LUSTREUNNA.
  1227 | D:2      | 1227 ||| IDENTIFYING brown potion
  1228 | D:2      | 1228 ||| READING scroll labelled SAROASS FEGOU.
  1229 | D:2      | 1229 ||| DRINKING 2 murky coppery potions.
  1231 | D:2      | 1231 ||| Stepping ~*~*~tactically~*~*~ (cloud).
  1232 | D:2      | 1232 ||| DRINKING potion of curing.
  1232 | D:2      | 1232 ||| (to cure poison)
  1234 | D:2      | 1234 ||| Stepping ~*~*~tactically~*~*~ (cloud).
  1238 | D:2      | HP: 4/18 [poisoned by you (poison gas)]
  1242 | D:2      | HP: 1/18 [poisoned by you (poison gas)]
  1365 | D:3      | Reached XP level 4. HP: 14/22 MP: 3/5
  1365 | D:3      | 1365 ||| FLEEEEING.
  1366 | D:3      | 1366 ||| FLEEEEING.
  1367 | D:3      | 1367 ||| FLEEEEING.
  1369 | D:3      | 1369 ||| FLEEEEING.
  1370 | D:3      | 1370 ||| FLEEEEING.
  1371 | D:3      | 1371 ||| FLEEEEING.
  1372 | D:3      | 1372 ||| FLEEEEING.
  1373 | D:3      | 1373 ||| FLEEEEING.
  1374 | D:3      | 1374 ||| STAIRDANCE
  1401 | D:2      | 1401 ||| UPGRADING to +4 ring of protection.
  1404 | D:3      | 1404 ||| STAIRDANCE
  1419 | D:3      | 1419 ||| STAIRDANCE
  1667 | D:3      | Reached XP level 5. HP: 15/26 MP: 3/6
  1669 | D:3      | HP: 5/26 [burnt (4)]
  1670 | D:3      | HP: 2/26 [burnt (4)]
  1671 | D:3      | Incinerated by a bombardier beetle

Levels and vault maps discovered:
D:1:      amcnicky_arrival_wind_blow, layout_rooms, minmay_box_of_dots
D:2:      layout_loops_cross, basic_altar, nicolae_houndstooth_variations
D:3:      layout_basic

Skill      XL: |  1  2  3  4 |
---------------+-------------+-----
Dodging        | 3 4 5 |  5.1
Ranged Weapons | 5 |  5.0
Fighting       | 2 |  2.2
Stealth        | |  1.5

Action                     |  1- 3 |  4- 6 || total
---------------------------+-------+-------++-------
   Fire: Shortbow          |   127 |    38 ||   165
    Use: Scroll            |     7 |       ||     7
         Potion            |     3 |       ||     3
 Armour: Robe              |    16 |     3 ||    19
  Dodge: Dodged            |    53 |    27 ||    80

Table legend:
 A = Non-vault XP
 B = Vault XP
 C = Vault XP percentage of total XP
 D = Non-vault monster count
 E = Vault monster count
 F = Vault count percentage of total count
                 A         B        C        D         E       F
            +---------+---------+-------+---------+---------+-------
      Total |     201 |       3 |   1.5 |      58 |       2 |   3.3
            +---------+---------+-------+---------+---------+-------
        D:1 |      44 |       3 |   6.4 |      25 |       2 |   7.4
        D:2 |      49 |       0 |   0.0 |      23 |       0 |   0.0
        D:3 |     108 |       0 |   0.0 |      10 |       0 |   0.0
            +---------+---------+-------+---------+---------+-------
